 Dungeon Crawl Stone Soup version 0.17-a0-913-g36eb389 (webtiles) character file.

2617 drasked the Severer (level 9, 0/70 HPs)
             Began as a Hill Orc Fighter on May 3, 2015.
             Was an Initiate of Beogh.
             Slain by a cyan ugly thing (3 damage)
             ... on level 7 of the Dungeon.
             The game lasted 00:29:47 (8198 turns).

drasked the Severer (Hill Orc Fighter)              Turns: 8198, Time: 00:29:47

Health: 0/70       AC: 11    Str: 25    XL:     9   Next: 60%
Magic:  9/9        EV:  7    Int: 10    God:    Beogh [......]
Gold:   195        SH: 10    Dex: 10    Spells: 0 memorised, 8 levels left

rFire  . . .     SeeInvis .     a - +1 war axe
rCold  . . .     Clarity  .     y - +1 scale mail {rPois}
rNeg   . . .     SustAb   .     c - +0 shield
rPois  +         Gourm    .     (no helmet)
rElec  .         Spirit   .     z - +0 cloak
rCorr  .         Warding  .     (no gloves)
rMut   .         Stasis   .     x - +1 pair of boots
MR     .....                    (no amulet)
Stlth  +.........               (no ring)
                                s - ring of stealth {Stlth+}

@: mighty, not resistant to hostile enchantments, very unstealthy
A: no striking features
a: Renounce Religion


You were on level 7 of the Dungeon.
You worshipped Beogh.
Beogh was noncommittal.
You were hungry.

You visited 2 branches of the dungeon, and saw 8 of its levels.

You collected 365 gold pieces.
You spent 170 gold pieces at shops.

Inventory:

Hand weapons
 a - a +1 war axe (weapon)
Armour
 c - a +0 shield (worn)
 j - a +0 chain mail
   (You took it off a kobold on level 1 of the Dungeon)
 x - a +1 pair of boots (worn)
   (You bought it in a shop on level 4 of the Dungeon)
 y - a +1 scale mail of poison resistance (worn)
   (You bought it in a shop on level 4 of the Dungeon)
 z - a +0 cloak (worn)
   (You found it on level 4 of the Dungeon)
Magical staves
 B - an uncursed staff of fire {unknown}
   (You found it on level 5 of the Dungeon)
Jewellery
 s - a ring of stealth (left hand) {Stlth+}
   (You took it off a centaur on level 5 of the Dungeon)
 C - a cursed ring of magical power {unknown}
   (You found it on level 6 of the Dungeon)
 D - an uncursed ring of flight {unknown}
   (You found it on level 7 of the Dungeon)
 E - an uncursed ring of positive energy {unknown}
   (You found it on level 7 of the Dungeon)
Magical devices
 u - a wand of flame (14)
   (You took it off Dowan on level 6 of the Dungeon)
Scrolls
 b - 3 scrolls of amnesia
 i - 3 scrolls of magic mapping {!r}
 k - a scroll of enchant armour
 l - a scroll of remove curse
 m - 2 scrolls of identify
 q - 2 scrolls of blinking {unknown}
Potions
 n - a potion of cancellation {unknown}
 o - a potion of curing {unknown}
 p - a potion of brilliance {unknown}
 r - a potion of agility
 t - a potion of magic {unknown}
 v - a potion of flight {unknown}
 w - a potion of resistance {unknown}
 A - a potion of invisibility {unknown}
Comestibles
 e - 3 bread rations {@e1}
 f - a beef jerky
 h - 5 meat rations {@e2}


   Skills:
 - Level 3.6 Fighting
 + Level 15.7 Axes
 - Level 3.2 Armour
 - Level 3.2 Shields


You had 8 spell levels left.
You didn't know any spells.

Dungeon Overview and Level Annotations

Branches:
Dungeon (7/15)             Temple (1/1) D:5

Altars:
Ashenzari
Cheibriados
Dithmenos
Elyvilon
Fedhas
Gozag
Makhleb
Nemelex Xobeh
Okawaru
Qazlal
Ru
Sif Muna
Trog
Vehumet
Xom
Yredelemnul
The Shining One

Shops:
D:4 [

Annotations:
D:5 hornqvist's ghost, experienced FoFi


Message History

You slash the centaur!
You kill the centaur!
Beogh accepts your kill.
No target in view!
No target in view!
Things that are here:
an uncursed shortbow; 10 arrows of frost You found a teleport trap!
You open the door.
Found an iron altar of Okawaru and a burning altar of Makhleb.
You regained 4 hp, and now have 69/70 hp.
A sky beast comes into view.
Found a blossoming altar of Fedhas.
There is an open door here.
Health restored: 70 You completely miss the sky beast.
The sky beast flickers out of sight!
Deactivating autopickup; reactivate with Ctrl-A.
Something hits you but does no damage.
No target in view!
No target in view!
You slash something! You hit something.
A sky beast appears from thin air!
Reactivating autopickup.
The sky beast hits you but does no damage.
You are feeling hungry.
You slash the sky beast! The sky beast hits you. The sky beast shocks you.
You take 8 damage, and have 62/70 hp.
You barely miss the sky beast.
The sky beast hits you but does no damage.
You closely miss the sky beast.
The sky beast hits you but does no damage.
You hit the sky beast. You block the sky beast's attack.
You barely miss the sky beast. You hit the sky beast.
The sky beast barely misses you.
You barely miss the sky beast. The sky beast hits you.
The sky beast shocks you.
You take 6 damage, and have 56/70 hp.
You hit the sky beast. The sky beast barely misses you.
You miss the sky beast. You miss the sky beast.
You block the sky beast's attack.
You slice the sky beast!!
You kill the sky beast!
Beogh accepts your kill.
You enter the shallow water.
Moving in this stuff is going to be slow.
You may need something to eat soon, looking for food.
You enter the shallow water.
Moving in this stuff is going to be slow.
There is an open door here.
You see here an arrow.
Things that are here:
an uncursed shortbow; 21 arrows
Found a stone staircase leading up.
You see here 14 bolts.
A cyan ugly thing comes into view.
You regained 4 hp, and now have 61/70 hp.
The cyan ugly thing gurgles horribly!
The cyan ugly thing moves out of view.
No target in view!
No target in view!
No target in view!
You may need something to eat soon, looking for food.
The cyan ugly thing is too close now for your liking.
You hit the cyan ugly thing. You block the cyan ugly thing's attack.
You hit the cyan ugly thing but do no damage.
The cyan ugly thing trunk-slaps you but does no damage.
You closely miss the cyan ugly thing. You block the cyan ugly thing's attack.
You hit the cyan ugly thing.
You hit the cyan ugly thing but do no damage.
The cyan ugly thing trunk-slaps you. The cyan ugly thing shocks you!
You take 19 damage, and have 44/70 hp.
MASSIVE DAMAGE!!
You hit the cyan ugly thing but do no damage.
The cyan ugly thing trunk-slaps you. The cyan ugly thing shocks you!
You take 14 damage, and have 30/70 hp.
The cyan ugly thing trunk-slaps you!
* * * LOW HITPOINT WARNING * * *
The cyan ugly thing shocks you!
* * * LOW HITPOINT WARNING * * *
You take 25 damage, and have 6/70 hp.
MASSIVE DAMAGE!!
Read which item? (? for menu, Esc to quit)
Okay, then.
Drink which item? (? for menu, Esc to quit)
You feel much better. The cyan ugly thing closely misses you.
You regained 15 hp, and now have 21/70 hp.
Drink which item? (? for menu, Esc to quit)
You feel very mighty all of a sudden. You block the cyan ugly thing's attack.
You slash the cyan ugly thing! You closely miss the cyan ugly thing.
The cyan ugly thing trunk-slaps you but does no damage.
You closely miss the cyan ugly thing. The cyan ugly thing trunk-slaps you.
* * * LOW HITPOINT WARNING * * *
The cyan ugly thing shocks you!
* * * LOW HITPOINT WARNING * * *
You take 19 damage, and have 3/70 hp.
MASSIVE DAMAGE!!
You slice the cyan ugly thing!! The cyan ugly thing trunk-slaps you.
You die...

...####.#########.#........####.#
...................†# #...#..#
.#...##.#########.### #####....#
####.##.# #..# #.......##
#....###### ##.#####.###.<###
###...<...#####..#....##.(....
......###>..(......####..###..
.........#..###...####.###...
.....######u@......##........ ...
#######..##..###### ... #..##..#
.... # ###...#.(###### ....
..######.....)........ ##..#
.........#)###.#####.. ##..# ##
#....####.###.#
#..#####8###.....##(#...#
###..#...#_≈≈##..#.......##


You could see a cyan ugly thing.

Vanquished Creatures
  Grinder (D:6)
  Menkaure (D:6)
  Duvessa (D:6)
  A sky beast (D:7)
  3 ogres
  5 phantoms
  7 centaurs
  3 scorpions
  Dowan (D:6)
  A giant frog zombie (D:6)
  An iguana (D:4)
  3 crimson imps
  3 hounds
  4 worker ants
  2 orc wizards
  A hound skeleton (D:5)
  A hound zombie (D:6)
  2 worker ant zombies (D:5)
  9 adders
  A shadow imp (D:5)
  An ooze (D:4)
  4 worms
  An adder skeleton (D:5)
  3 giant geckos
  11 orcs
  A ball python (D:1)
  9 bats
  A bat skeleton (D:4)
  3 giant cockroaches
  12 goblins
  15 hobgoblins
  9 jackals
  16 kobolds
  4 quokkas
  A giant gecko skeleton (D:6)
  4 giant newts
  A giant spore (D:7)
  A jackal skeleton (D:5)
  23 rats
  9 ballistomycetes (D:7)
  A butterfly (D:5)
181 creatures vanquished.

Vanquished Creatures (others)
  2 orc priests (D:7)
  A giant spore (D:7)
3 creatures vanquished.

Grand Total: 184 creatures vanquished

Notes
Turn   | Place    | Note
--------------------------------------------------------------
     0 | D:1      | drasked, the Hill Orc Fighter, began the quest for the Orb.
     0 | D:1      | Reached XP level 1. HP: 19/19 MP: 1/1
    21 | D:1      | Reached skill level 3 in Axes
   107 | D:1      | Reached XP level 2. HP: 23/26 MP: 2/2
   135 | D:1      | Reached skill level 4 in Axes
   598 | D:1      | Reached XP level 3. HP: 21/31 MP: 3/3
  1157 | D:2      | Reached skill level 5 in Axes
  1480 | D:2      | Reached XP level 4. HP: 28/39 MP: 4/4
  1901 | D:3      | Found a sparkling altar of Nemelex Xobeh.
  1964 | D:3      | Found a radiant altar of Vehumet.
  2041 | D:3      | Reached skill level 6 in Axes
  2360 | D:3      | Found an opulent altar of Gozag.
  2361 | D:3      | Found a deep blue altar of Sif Muna.
  2793 | D:4      | Reached XP level 5. HP: 24/45 MP: 5/5
  2961 | D:4      | Noticed a phantom
  3033 | D:4      | Killed a phantom
  3033 | D:4      | Reached skill level 7 in Axes
  3059 | D:4      | Reached skill level 8 in Axes
  3059 | D:4      | Reached XP level 6. HP: 49/51 MP: 6/6
  3161 | D:4      | Found Hagiqynamp's Antique Armour Shoppe.
  3162 | D:4      | Noticed a phantom
  3174 | D:4      | Killed a phantom
  3174 | D:4      | Reached skill level 9 in Axes
  3182 | D:4      | Bought a pair of boots for 90 gold pieces
  3182 | D:4      | Bought a glowing scale mail for 80 gold pieces
  3727 | D:5      | Entered Level 5 of the Dungeon
  3789 | D:5      | Found a stormy altar of Qazlal.
  3810 | D:5      | Reached XP level 7. HP: 53/57 MP: 7/7
  3872 | D:5      | Reached skill level 10 in Axes
  4170 | D:5      | Found a snail-covered altar of Cheibriados.
  4646 | D:5      | Noticed hornqvist's ghost (experienced FoFi)
  5048 | D:5      | HP: 8/57 [ogre/giant club (25)]
  5335 | D:6      | Reached skill level 11 in Axes
  5407 | D:6      | Noticed Duvessa
  5473 | D:6      | Noticed Dowan
  5477 | D:6      | HP: 11/57 [worker ant (5)]
  5876 | D:5      | Reached XP level 8. HP: 55/64 MP: 8/8
  6072 | D:5      | Reached skill level 12 in Axes
  6193 | D:5      | Found a staircase to the Ecumenical Temple.
  6198 | Temple   | Entered the Ecumenical Temple
  6790 | D:5      | Reached skill level 13 in Axes
  7236 | D:6      | Noticed Grinder
  7252 | D:6      | Killed Grinder
  7252 | D:6      | Reached skill level 14 in Axes
  7252 | D:6      | Reached XP level 9. HP: 70/70 MP: 9/9
  7371 | D:6      | Killed Dowan
  7381 | D:6      | Killed Duvessa
  7643 | D:6      | Noticed Menkaure
  7647 | D:6      | Killed Menkaure
  7753 | D:7      | Reached skill level 15 in Axes
  7971 | D:7      | Became a worshipper of Beogh the Brigand
  8137 | D:7      | Found an iron altar of Okawaru.
  8137 | D:7      | Found a burning altar of Makhleb.
  8138 | D:7      | Found a blossoming altar of Fedhas.
  8179 | D:7      | Noticed a cyan ugly thing
  8192 | D:7      | HP: 6/70 [cyan ugly thing (13)]
  8197 | D:7      | HP: 3/70 [cyan ugly thing (17)]
  8198 | D:7      | Slain by a cyan ugly thing

Action                   |  1- 3 |  4- 6 |  7- 9 || total
-------------------------+-------+-------+-------++-------
Melee: War axe           |   134 |   210 |   411 ||   755
Invok: Convert to Beogh  |       |       |     1 ||     1
Evoke: Wand              |       |       |     1 ||     1
  Use: Scroll            |       |       |    12 ||    12
       Potion            |       |       |     3 ||     3
  Eat: Chunk             |     2 |     8 |     7 ||    17
       Meat ration       |       |       |     1 ||     1
       Pizza             |       |       |     1 ||     1

Vault maps used:
D:1:      erik_arrival_orb_chamber
D:2:      first_bread
D:3:      fiery_altar_vehumet, nemelex_deck, grunt_temple_overflow_open
D:4:      serial_shops, nicolae_shop_overgrown_old_shop,
          hangedman_decor_clover_reticule
D:5:      kennysheep_little_box, nicolae_overflow_hidden_temple,
          minmay_temple_entry_butterflies, nrook_pool_corridor,
          grunt_ministairs_9
D:6:      uniq_menkaure, uniq_grinder, uniq_duvessa
D:7:      lemuel_round_altar, gammafunk_temple_overflow_claw, the_bakery
Temple:   temple_eino_lava_8

Table legend:
 A = Turns spent in this place as a percentage of turns spent in the entire game.
 B = Non-inter-level travel turns spent in this place as a percentage of non-inter-level travel turns spent in the entire game.
 C = Inter-level travel turns spent in this place as a percentage of turns spent in this place.
 D = Turns resting spent in this place as a percentage of non-inter-level travel turns spent in this place.
 E = Turns spent auto-exploring this place as a percentage of non-inter-level travel turns spent in this place.
 F = Non-inter-level travel turns spent in this place divided by the number of levels of this place that you've seen.
                   A       B       C       D       E      F
               +-------+-------+-------+-------+-------+----------------------
         Total | 100.0 | 100.0 |   1.1 |   1.8 |   7.7 | 384.6
       Dungeon |  99.9 |  99.9 |   1.1 |   1.8 |   7.7 | 439.3
        Temple |   0.1 |   0.1 |  33.3 |   0.0 |  50.0 |   2.0
               +-------+-------+-------+-------+-------+----------------------

Table legend:
 A = Kills in this place as a percentage of kills in entire the game.
 B = Kills by you in this place as a percentage of kills by you in the entire game.
 C = Kills by friends in this place as a percentage of kills by friends in the entire game.
 D = Other kills in this place as a percentage of other kills in the entire game.
 E = Experience gained in this place as a percentage of experience gained in the entire game.
 F = Experience gained in this place divided by the number of levels of this place that you have seen.
                   A       B       C       D       E      F
               +-------+-------+-------+-------+-------+----------------------
         Total | 100.0 | 100.0 |  -nan |  -nan | 100.0 | 467.4
       Dungeon | 100.0 | 100.0 |  -nan |  -nan | 100.0 | 534.1
               +-------+-------+-------+-------+-------+----------------------
